 Dungeon Crawl Stone Soup version 0.28.0 (webtiles) character file.

Game seed: 11006395630973440230

56 Deca the Poker (level 3, -2/28 HPs)
             Began as a Merfolk Gladiator on Feb 13, 2022.
             Was an Initiate of Ashenzari.
             Slain by Natasha (5 damage)
             ... on level 2 of the Dungeon.
             The game lasted 00:04:09 (1224 turns).

Deca the Poker (Merfolk Gladiator)                  Turns: 1224, Time: 00:04:09

Health: -2/28      AC:  9    Str: 14    XL:     3   Next: 97%
Magic:  3/3        EV:  7    Int:  7    God:    Ashenzari [......]
Gold:   189        SH:  0    Dex: 17    Spells: 2/2 levels left

rFire   . . .      SeeInvis .   a - +0 trident
rCold   . . .      Faith    .   (no shield)
rNeg    . . .      Spirit   .   f - +0 chain mail
rPois   .          Reflect  .   c - +0 helmet
rElec   .          Harm     .   (no cloak)
rCorr   .          Rampage  .   (no gloves)
Will    .....                   (no boots)
Stlth   ..........              (no amulet)
HPRegen 0.09/turn               (no ring)
MPRegen 0.08/turn               (no ring)

@: no status effects
A: (nimble swimmer 2), mertail
a: Renounce Religion, Curse Item


You were on level 2 of the Dungeon.
You worshipped Ashenzari.
Ashenzari was noncommittal.
You visited 1 branch of the dungeon, and saw 2 of its levels.

You collected 189 gold pieces.

Inventory:

Hand Weapons
 a - a +0 trident (weapon)
Missiles
 d - 3 throwing nets (quivered)
Armour
 c - a +0 helmet (worn)
 f - a +0 chain mail (worn)
Potions
 b - a potion of resistance {unknown}
 e - a potion of mutation {unknown}
 g - a potion of curing {unknown}


   Skills:
 + Level 2.9 Fighting
 * Level 5.8 Polearms
 - Level 2.0 Throwing
 + Level 1.0 Armour
 - Level 4.0 Dodging


You had 2 spell levels left.
You didn't know any spells.
Your spell library was empty.

Dungeon Overview and Level Annotations

Branches:
Dungeon (2/15)

Altars:
Ashenzari

Shops:
D:1 *=([[

Annotations:
D:2 Natasha


Innate Abilities, Weirdness & Mutations

((You are very nimble when in or above water. (Stealth+, EV+, Speed+++)))
Your lower body shifts to a powerful aquatic tail in water.


Message History

You puncture the crimson imp!
The crimson imp is heavily wounded.
Something claws you but does no damage. The crimson imp completely misses you.
The crimson imp hits you but does no damage.
You hit the crimson imp.
The crimson imp is heavily wounded.
Something claws you but does no damage.
The crimson imp hits you but does no damage.
The crimson imp hits you.
You miss the crimson imp.
The crimson imp is heavily wounded.
Something claws you. The crimson imp barely misses you.
The crimson imp hits you but does no damage.
Something claws you!
You are too injured to fight recklessly!
You are too injured to fight recklessly!
You are too injured to fight recklessly!
You are too injured to fight recklessly!
Unknown command.
You barely miss the crimson imp.
The crimson imp hits you but does no damage. x2
Something claws you.
* * * LOW HITPOINT WARNING * * *
You barely miss the crimson imp.
The crimson imp hits you but does no damage.
The crimson imp blinks!
Something claws you.
* * * LOW HITPOINT WARNING * * *
You closely miss the crimson imp.
The crimson imp hits you but does no damage.
Something claws you but does no damage.
You hit the crimson imp.
The crimson imp is lightly wounded.
The crimson imp completely misses you. Something claws you.
* * * LOW HITPOINT WARNING * * *
You hit the crimson imp.
The crimson imp is moderately wounded.
The crimson imp hits you.
* * * LOW HITPOINT WARNING * * *
Something claws you.
You die...

..# #.# #.##)#### #.#
#.# #.##.##.. #.#
#.#######.#..<#.#
##.###.##........#....
#......##.######...###
#..######.# ##.##
######..### #.# #.#
..........## #.# #.#
########.5@###.# ##.#
.>.....#{..#.# #..#
.#####...#.#.# #.##
##.##5#.# #.#
#.##...######.###
#.##......#.....#
#.##.####.#.###.### #.
#.###....# #.... #.
#.##.....###.#.#


You could see 2 crimson imps.

Vanquished Creatures
  Natasha (D:2)
  An adder (D:2)
  4 ball pythons
  An endoplasm (D:1)
  2 hobgoblins (D:1)
  4 jackals (D:1)
  A quokka (D:1)
  2 bats
  2 frilled lizards (D:1)
  A goblin (D:1)
  A kobold (D:1)
  2 rats
22 creatures vanquished.

Notes
Turn   | Place    | Note
-------+----------+-------------------------------------------
     0 | D:1      | Deca the Merfolk Gladiator began the quest for the Orb.
     0 | D:1      | Reached XP level 1. HP: 16/16 MP: 1/1
    11 | D:1      | Found Binekky's Jewellery Emporium.
   214 | D:1      | Found Serchez's Armour Shop.
   251 | D:1      | Reached XP level 2. HP: 23/23 MP: 2/2
   263 | D:1      | Reached skill level 5 in Polearms
   297 | D:1      | Found Atsoufet's Armour Shoppe.
   336 | D:1      | Found Zics's Weapon Shop.
   377 | D:1      | Found Ylaumesou's Assorted Antiques.
   771 | D:2      | Found a faded altar of an unknown god.
   790 | D:2      | Reached XP level 3. HP: 17/28 MP: 3/3
   921 | D:2      | Prayed at the altar of an unknown god.
   921 | D:2      | Became a worshipper of Ashenzari the Shackled
   973 | D:2      | Noticed Natasha
   984 | D:2      | Killed Natasha
   985 | D:2      | Reached skill level 1 in Armour
  1203 | D:2      | Noticed Natasha
  1224 | D:2      | Slain by Natasha

Illustrated notes

Levels and vault maps discovered:
D:1:      grunt_arrival_lava_bath, layout_rooms, serial_shops,
          nicolae_shop_trees, nicolae_shop_overgrown_old_shop, shop, shop_coins,
          nicolae_shop_competitors_out_of_business, skrybe_limestone_x, hex_tiny
D:2:      layout_loops_ring, chequers_ecumenical_altar_simple, uniq_robin,
          uniq_natasha

Skill      XL: |  1  2  3 |
---------------+----------+-----
Polearms       | 5 |  5.8
Armour         | 1 |  1.0
Fighting       | |  2.9
Throwing       | |  2.0
Dodging        | |  4.0

Action                   || total
-------------------------++-------
Melee: Trident           ||    94
       Punch             ||     1
Armor: Chain mail        ||    49
       Leather armour    ||     4
Dodge: Dodged            ||    32
